 Dungeon Crawl Stone Soup version 0.26-a0-501-g57170428f2 (webtiles) character file.

Game seed: 7976206950230159981

501 KristoblXynda the Ducker (level 6, -1/48 HPs)
             Began as a Vampire Gladiator on Aug 7, 2020.
             Slain by a phantom (8 damage)
             ... on level 5 of the Dungeon.
             The game lasted 00:05:27 (2567 turns).

KristoblXynda the Ducker (Vampire Gladiator)        Turns: 2567, Time: 00:05:28

Health: -1/48      AC:  8    Str: 13 (15) XL:     6   Next: 95%
Magic:  6/6        EV: 13    Int:  9 (10) God:
Gold:   261        SH:  0    Dex: 15 (16) Spells: 5/5 levels left

rFire    + + .     SeeInvis +   a - +1 long sword
rCold    + + .     Faith    .   (no shield)
rNeg     . . .     Spirit   .   q - +0 ring mail
rPois    +         Reflect  .   o - +1 helmet
rElec    +         Harm     .   s - scarf {rC+ rF+}
rCorr    +                      (no gloves)
MR       .....                  p - +0 pair of boots
Stlth    ++........             (no amulet)
HPRegen  0.36/turn              (no ring)
MPRegen  0.10/turn              (no ring)

@: resistant, regenerating quickly
A: fangs 3, see invisible, unbreathing
a: Exsanguinate


You were on level 5 of the Dungeon.
You visited 1 branch of the dungeon, and saw 5 of its levels.

You collected 261 gold pieces.

Inventory:

Hand Weapons
 a - a +1 long sword (weapon)
Missiles
 d - 3 throwing nets (quivered)
Armour
 o - a +1 helmet (worn)
 p - a +0 pair of boots (worn)
 q - a +0 ring mail (worn)
 s - a scarf of resistance (worn)
Wands
 r - a wand of flame (18)
Scrolls
 c - a scroll of enchant weapon
 e - a scroll of blinking
 g - a scroll of magic mapping
 m - a scroll of identify
 t - a scroll of immolation
Potions
 l - 2 potions of flight


   Skills:
 + Level 3.7 Fighting
 + Level 4.7 Long Blades
 - Level 2.0 Throwing
 + Level 5.1 Dodging
 + Level 4.7 Stealth


You had 5 spell levels left.
You didn't know any spells.
Your spell library was empty.

Dungeon Overview and Level Annotations

Branches:
Dungeon (5/15)
 Temple: D:4-7

Altars:

Annotations:
D:4 Edmund, Eustachio
D:5 1 transporter


Innate Abilities, Weirdness & Mutations

Your natural rate of healing is unusually fast.
You have razor-sharp teeth.
You have supernaturally acute eyesight. (SInv)
You can survive without breathing.


Message History

The sky beast hits you but does no damage. x2
You hit the sky beast.
The sky beast is severely wounded.
The sky beast hits you but does no damage.
You hit the sky beast.
The sky beast is almost dead.
The sky beast hits you but does no damage.
You hit the sky beast.
You kill the sky beast!
You feel your intelligence returning.
Your Dodging skill increases to level 5!
You closely miss the phantom.
You feel less wooden.
Your scarf of resistance unmelds from your body.
Your +1 helmet unmelds from your body.
Your +0 pair of boots unmelds from your body.
Your +0 ring mail unmelds from your body.
You feel resistant to extremes of temperature.
The phantom hits you!
You die...

.#©.........# ..#.#.....[....###
.#.#............## . ...
..#........#....##.# .....
O#.......<......#.##
.....########.................#
.............####...#.........#
..............###...##.......###
...............@.....##l§......#
...............#W##.###aW......#
..............###†#.##......#..#
......>...../.##............#
.#............#................
#............#..........[#....#
#....####..####................
...... #### #................#
..#..# ###.........)#####


You could see a phantom.

Vanquished Creatures
  A sky beast (D:5)
  A phantom (D:5)
  A scorpion (D:4)
  2 hounds (D:5)
  An iguana (D:5)
  2 worker ants
  Robin (D:2)
  2 adders
  An ufetubus (D:5)
  2 oozes (D:1)
  A worm (D:2)
  3 dart slugs (D:1)
  5 leopard geckos
  6 orcs (D:3)
  4 bats
  4 giant cockroaches
  14 goblins
  9 hobgoblins
  5 jackals
  A quokka (D:5)
  A ball python (D:4)
  3 frilled lizards
  A jackal skeleton (D:4)
  6 kobolds
  3 rats
80 creatures vanquished.

Notes
Turn   | Place    | Note
-------+----------+-------------------------------------------
     0 | D:1      | KristoblXynda the Vampire Gladiator began the quest for the
                  | Orb.
     0 | D:1      | Reached XP level 1. HP: 16/16 MP: 1/1
    57 | D:1      | Reached XP level 2. HP: 16/22 MP: 2/2
   381 | D:1      | Reached XP level 3. HP: 22/27 MP: 3/3
  1002 | D:2      | Noticed Robin
  1041 | D:2      | Killed Robin
  1041 | D:2      | Reached skill level 1 in Stealth
  1041 | D:2      | Reached XP level 4. HP: 31/34 MP: 4/4
  1565 | D:3      | Reached skill level 4 in Dodging
  2108 | D:4      | Reached XP level 5. HP: 40/40 MP: 5/5
  2416 | D:4      | Noticed Edmund
  2420 | D:4      | Noticed Eustachio
  2442 | D:5      | Entered Level 5 of the Dungeon
  2442 | D:5      | Found a transporter.
  2442 | D:5      | Noticed a phantom
  2442 | D:5      | Noticed a sky beast
  2448 | D:5      | Noticed a phantom
  2449 | D:5      | Identified the cursed +1 dire flail "Vampire's Foe"
                  | {freeze, *Rage Str+4 Int+4}
  2449 | D:5      | Noticed an ogre
  2519 | D:5      | Reached XP level 6. HP: 22/47 MP: 6/6
  2542 | D:5      | HP: 2/70 [adder (3)]
  2566 | D:5      | Killed a sky beast
  2566 | D:5      | Reached skill level 5 in Dodging
  2567 | D:5      | Slain by a phantom

Illustrated notes

Levels and vault maps discovered:
D:1:      dpeg_arrival_rooms_with_view, layout_basic, minmay_door_square
D:2:      layout_basic, dk_noncrumbling_4, uniq_robin
D:3:      layout_loops_ring
D:4:      layout_basic, hangedman_abyss_or_decor_slice, st_stairs_11,
          uniq_edmund, uniq_pikel, uniq_eustachio
D:5:      layout_cave_pools, serial_shops, nicolae_shop_stone,
          gammafunk_ghost_smash, led_sif_pool

Skill      XL: |  1  2  3  4  5  6 |
---------------+-------------------+-----
Fighting       | 2 3 |  3.7
Throwing       | 2 |  2.0
Stealth        | 1 2 3 4 |  4.7
Dodging        | 4 5 |  5.1
Long Blades    | 4 |  4.7

Action                   |  1- 3 |  4- 6 || total
-------------------------+-------+-------++-------
Melee: Long sword        |   101 |   163 ||   264
       Bite              |     5 |    21 ||    26
  Use: Potion            |     1 |     7 ||     8
       Scroll            |       |     8 ||     8
 Stab: Sleeping          |     2 |     1 ||     3
Armor: Leather armour    |    21 |     8 ||    29
       Ring mail         |       |    59 ||    59
       Skin              |       |    52 ||    52
Dodge: Dodged            |    97 |   175 ||   272
       Rpst.: Long sword |    23 |    48 ||    71

Table legend: (Time is in decaauts)
 A = Elapsed time spent in this place.
 B = Non-inter-level travel time spent in this place.
 C = Inter-level travel time spent in this place.
 D = Time resting spent in this place.
 E = Time spent auto-exploring this place.
 F = Levels seen in this place.
 G = Mean time per level.
                   A        B        C        D        E       F      G
               +--------+--------+--------+--------+--------+-----+--------+
         Total |   2621 |   2591 |     30 |     74 |   1691 |   5 |  524.2 |
       Dungeon |   2621 |   2591 |     30 |     74 |   1691 |   5 |  524.2 |
               +--------+--------+--------+--------+--------+-----+--------+

Top non-repeatable levels by time:
     D:1: 988 daAuts
     D:3: 635 daAuts
     D:2: 502 daAuts
     D:4: 356 daAuts
     D:5: 138 daAuts
